 Dungeon Crawl Stone Soup version 0.29.1-15-g9cfb28693d (webtiles) character file.

Game seed: 10868174156261147576

291 Arctor the Insei (level 6, -2/51 HPs)
             Began as a Draconian Transmuter on Feb 22, 2023.
             Slain by a sky beast (5 damage)
             ... on level 3 of the Dungeon.
             The game lasted 00:02:57 (3246 turns).

Arctor the Insei (Draconian Transmuter)             Turns: 3246, Time: 00:02:58

Health: -2/51      AC:  6    Str:  8 (11) XL:     6   Next: 10%
Magic:  10/10      EV: 13    Int: 14 (17) God:
Gold:   150        SH:  0    Dex: 17 (19) Spells: 10/11 levels left

rFire   . . .      SeeInvis .     - Unarmed
rCold   . . .      Faith    .   (no shield)
rNeg    + . .      Spirit   .   (body armour unavailable)
rPois   .          Reflect  .   (helmet currently unavailable)
rElec   .          Harm     .   (no cloak)
rCorr   .          Rampage  .   (no gloves)
Will    .....                   (boots currently unavailable)
Stlth   ++........              (no amulet)
HPRegen 0.17/turn               l - +6 ring of dexterity
MPRegen 0.12/turn               k - ring of positive energy

@: appendages (expiring)
A: horns 2, talons 2, AC +6, unfitting armour, cold-blooded, clever 1, no potion
heal 1
a: End Transformation


You were on level 3 of the Dungeon.
You had temporarily grown beastly horns and talons.
You visited 1 branch of the dungeon, and saw 3 of its levels.

You collected 150 gold pieces.

Inventory:

Armour
 e - a +0 pair of boots
Jewellery
 k - a ring of positive energy (right hand)
 l - a +6 ring of dexterity (left hand)
Wands
 j - a wand of paralysis (12)
Scrolls
 b - 2 scrolls of fear {unknown}
 c - a scroll of poison {unknown}
 f - 3 scrolls of teleportation {unknown}
 h - 3 scrolls of magic mapping {unknown}
 i - 2 scrolls of blinking {unknown}
 p - a scroll of amnesia {unknown}
 q - 2 scrolls of identify {unknown}
Potions
 a - a potion of lignification
 d - a potion of mutation
 m - a potion of flight {unknown}
 n - a potion of might {unknown}
 o - a potion of invisibility {unknown}
 r - a potion of curing


   Skills:
 + Level 3.0 Fighting
 + Level 3.0 Dodging
 + Level 4.0 Unarmed Combat
 + Level 3.1 Spellcasting
 + Level 3.3 Transmutations


You had 10 spell levels left.
You knew the following spells:

 Your Spells              Type           Power      Damage    Failure   Level
a - Beastly Appendage     Tmut           22%        N/A       5%          1

Your spell library contained the following spells:

 Spells                   Type           Power      Damage    Failure   Level
 Wereblood                Tmut           11%        N/A       9%          2
 Spider Form              Tmut/Pois      6%         N/A       32%         3
 Ice Form                 Ice/Tmut       6%         N/A       71%         4


Dungeon Overview and Level Annotations

Branches:
Dungeon (3/15)

Altars:
Hepliaklqana
Vehumet


Innate Abilities, Weirdness & Mutations

You have temporarily grown beastly horns and talons.
Your plain brown scales are hard. (AC +6)
You cannot fit into any form of body armour.
You are cold-blooded and may be slowed by cold attacks.
Your mind is acute. (Int +4, Str/Dex -1)
Potions are less effective at restoring your health.


Message History

A sky beast is nearby!
Found a radiant altar of Vehumet.
The sky beast hits you. The sky beast shocks you.
Casting: Beastly Appendage (safe; 6% risk of failure)
Confirm with . or Enter, or press ? or * to list all spells.
You grow a pair of large bovine horns.
Your feet morph into talons.
The sky beast closely misses you.
You barely miss the sky beast. You claw the sky beast.
The sky beast is lightly wounded.
The sky beast hits you. The sky beast shocks you.
You hit the sky beast. Your kick misses the sky beast.
The sky beast is lightly wounded.
The sky beast hits you. The sky beast shocks you.
You hit the sky beast. You tail-slap the sky beast.
The sky beast is moderately wounded.
The sky beast flickers out of sight!
Deactivating autopickup; reactivate with Ctrl-A.
Something hits you. Something shocks you.
You miss something. Your headbutt misses something.
Something hits you but does no damage.
You hit something. Your kick misses something.
Something hits you but does no damage.
You hit something. You headbutt something. Something hits you.
Something shocks you.
* * * LOW HITPOINT WARNING * * *
It was a potion of mutation.
You feel extremely strange.
You feel clever.
Your system partially rejects the healing effects of potions.
Something hits you.
* * * LOW HITPOINT WARNING * * *
Something shocks you.
* * * LOW HITPOINT WARNING * * *
It was a potion of degeneration.
There was something very wrong with that liquid.
You feel weakened.
You feel dopey.
You feel clumsy.
Your transformation is almost over.
Something hits you.
* * * LOW HITPOINT WARNING * * *
Something shocks you.
You die...

.# #.####.#.##..........<# .#
#.#........###'#......# .########
#.##................#.#
........####################.....
#########......................).
....# ..#...#...#...#...#.....
.##.#### _!..$.................#.
.#>....##..#...#...#...#...#.#.#.
.#......#......{@................
.#.###.#####################.....
.#.....##........'..# #..###
.###.###.....(...##.# #.....
.##...............#.# ##.##.
.##.....#####.....#.# #.##.
.....⌠.## ##.⌠..#.# ##.###
......## ##.....# #..... .....###
##....########)P..~


There were no monsters in sight!

Vanquished Creatures
  Grinder (D:3)
  2 adders (D:2)
  A worm (D:2)
  2 orcs (D:3)
  4 bats
  3 endoplasms
  A giant cockroach (D:1)
  6 goblins
  4 hobgoblins
  7 jackals
  3 quokkas
  6 ball pythons
  5 frilled lizards
  6 kobolds
  9 rats
60 creatures vanquished.

Notes
Turn   | Place    | Note
-------+----------+-------------------------------------------
     0 | D:1      | Arctor the Draconian Transmuter began the quest for the
                  | Orb.
     0 | D:1      | Reached XP level 1. HP: 16/16 MP: 3/3
     2 | D:1      | Noticed a palentonga
     2 | D:1      | Noticed a troll
     4 | D:1      | Noticed a gargoyle
     4 | D:1      | Noticed a meteoran
     6 | D:1      | Noticed a merfolk
     6 | D:1      | Noticed a naga
     8 | D:1      | Noticed a demonspawn
     8 | D:1      | Noticed a demigod
    10 | D:1      | Noticed an ogre
    12 | D:1      | Noticed an octopode
    12 | D:1      | Noticed a spriggan
    14 | D:1      | Noticed an elf
    16 | D:1      | Noticed a vine stalker
    16 | D:1      | Noticed a felid
    18 | D:1      | Noticed a tengu
    18 | D:1      | Noticed a vampire
    20 | D:1      | Noticed a minotaur
    22 | D:1      | Noticed a formicid
    22 | D:1      | Noticed a human
    24 | D:1      | Noticed a vine stalker
    24 | D:1      | Noticed a ghoul
    26 | D:1      | Noticed a vampire
    26 | D:1      | Noticed a vampire
   351 | D:1      | Found a faded altar of an unknown god.
   497 | D:1      | Reached XP level 2. HP: 23/23 MP: 3/5
  1346 | D:2      | Reached XP level 3. HP: 12/29 MP: 4/6
  1834 | D:2      | Found a hazy altar of Hepliaklqana.
  2343 | D:3      | Reached XP level 4. HP: 35/36 MP: 5/7
  2478 | D:3      | Noticed Grinder
  2478 | D:3      | Identified the +0 chain mail "Xulyrom" {rF+ rCorr}
  2499 | D:3      | Killed Grinder
  2500 | D:3      | Reached skill level 4 in Unarmed Combat
  2500 | D:3      | Reached XP level 5. HP: 18/45 MP: 7/9
  2500 | D:3      | Reached XP level 6. HP: 21/51 MP: 7/10
  2997 | D:3      | Found a faded altar of an unknown god.
  3234 | D:3      | Noticed a sky beast
  3237 | D:3      | Found a radiant altar of Vehumet.
  3245 | D:3      | Gained mutation: Your mind is acute. (Int +4, Str/Dex -1)
                  | [potion of mutation]
  3245 | D:3      | Gained mutation: Potions are less effective at restoring
                  | your health. [potion of mutation]
  3246 | D:3      | Slain by a sky beast

Illustrated notes

Levels and vault maps discovered:
D:1:      kb_arrival_jail, layout_basic, shapermc_ecumenical_altar_pompeii
D:2:      layout_rooms, basic_altar
D:3:      layout_basic, nicolae_overflow_ecumenical_swirl,
          lemuel_coloured_pillars_altar, guppyfry_early_lair_pool, uniq_grinder

Skill      XL: |  1  2  3  4 |
---------------+-------------+-----
Dodging        | 2 3 |  3.0
Fighting       | 2 3 |  3.0
Unarmed Combat | 4 |  4.0
Spellcasting   | 3 |  3.1
Transmutations | 3 |  3.3

Action                   |  1- 3 |  4- 6 || total
-------------------------+-------+-------++-------
Melee: Unarmed           |   121 |    40 ||   161
       Kick              |    19 |     8 ||    27
       Tailslap          |     9 |     8 ||    17
       Headbutt          |    10 |     9 ||    19
       Punch             |       |     2 ||     2
 Cast: Beastly Appendage |    32 |     9 ||    41
  Use: Potion            |       |     5 ||     5
 Stab: Sleeping          |       |     1 ||     1
Armor: Skin              |    33 |    13 ||    46
Dodge: Dodged            |    68 |    18 ||    86
